 Dungeon Crawl Stone Soup version 0.31-a0-986-g5e6e4ef867 (webtiles) character file.

Game seed: 5996861347319614083

23 freelancePsychic the Changeling (level 2, -5/22 HPs)
             Began as a Demonspawn Shapeshifter on Nov 22, 2023.
             Killed by an exploding adder (27 damage)
             ... ignited by their inner flame
             ... on level 2 of the Dungeon.
             The game lasted 00:01:37 (921 turns).

freelancePsychic the Changeling (DsSh)               Turns: 921, Time: 00:01:37

Health: -5/22      AC:  2    Str: 14    XL:     2   Next: 72%
Magic:  2/2        EV: 12    Int: 13    God:
Gold:   37         SH:  0    Dex: 12    Spells: 1/1 levels left

rFire   . . .        k - +0 dagger
rCold   . . .        (no shield)
rNeg    . . .        a - +0 animal skin
rPois   .            (helmet currently unavailable)
rElec   .            (cloak currently unavailable)
rCorr   +            (gloves currently unavailable)
SInv    .            (boots currently unavailable)
Will    .....        (no amulet)
Stlth   +            g - ring of resist corrosion
HPRegen 0.23/turn    (no ring)
MPRegen 0.08/turn

%: no passive effects
@: beast-form
A: beast (slay +1), big brain 1
a: Begin Untransformation


You were on level 2 of the Dungeon.
You were a hulking beast.
You visited 1 branch of the dungeon, and saw 2 of its levels.

You collected 37 gold pieces.

Inventory:

Hand Weapons
 k - a +0 dagger (weapon)
Armour
 a - a +0 animal skin (worn)
Jewellery
 g - a ring of resist corrosion (left hand)
 j - a ring of flight
Talismans
 c - a beast talisman
 d - a flux talisman
Scrolls
 i - a scroll of identify {unknown}
Potions
 b - a potion of lignification
 f - a potion of haste {unknown}
 h - a potion of magic {unknown}
 l - a potion of degeneration {unknown}


   Skills:
 + Level 2.0 Fighting
 + Level 1.3 Short Blades
 - Level 1.7 Dodging
 - Level 2.7 Unarmed Combat
 - Level 2.7 Shapeshifting


You had one spell level left.
You didn't know any spells.
Your spell library contained the following spells:

 Spells                   Type           Power      Damage    Failure   Level
 Cigotuvi's Dreadful Rot  Necr/Pois/Air  0%         N/A       43%         2
 Ignite Poison            Fire/Tmut/Pois 0%         N/A       67%         3
 Freezing Cloud           Conj/Ice/Air   0%         6-21      100%        5


Dungeon Overview and Level Annotations

Branches:
Dungeon (2/15)

Altars:

Shops:
D:1 [*(*


Innate Abilities, Weirdness & Mutations

You are a hulking beast.
Your limbs bulge with bestial killing power. (Slay +1)
You have an unusually large brain. (Int +2)


Message History

No target in view!
No target in view!
No target in view!
No target in view!
No target in view!
No target in view!
No target in view!
No target in view!
No target in view!
No target in view!
No target in view!
No target in view!
No target in view!
You now have enough gold to buy a scroll labelled ASEUCW ILLOP on D:1, buy a scroll labelled CIUBAO MI OCVO on D:1, or buy a scroll labelled XAS XUGEAKOTEUT on D:1.
You can access your shopping list by pressing '$'.
You now have 37 gold pieces (gained 8).
Found a chain mail.
You pick up a Trismegistus Codex and begin reading...
You add the spells Cigotuvi's Dreadful Rot, Ignite Poison and Freezing Cloud to your library.
An adder comes into view.
An adder is nearby!
As you read the scroll labelled CIUBAO MI OCVO, it crumbles to dust.
The creatures around you are filled with an inner flame!
It was a scroll of immolation.
The adder hisses angrily.
Okay, then.
Okay, then.
You miss the adder. The adder misses you.
You barely miss the adder. The adder closely misses you.
You miss the adder. The adder completely misses you.
The adder closely misses you.
You miss the adder. The adder completely misses you.
You closely miss the adder. The adder closely misses you.
You hit the adder.
Flame seeps out of the adder.
The adder is heavily wounded.
The adder is engulfed in blazing flames.
The adder explodes!
The fiery explosion engulfs you!!
Ouch! That really hurt!
You die...

######### #........
#########
#########........
#.......#
####................
#.......#
#§○h.#########...###
#.......# #§####
#)### #.......####.#
##.# #........S.S.#
#..#
###.......######
#.## #.....###...#
####.####.. ####..#
###..# #.<........
#..# #.#
).<......#####>.
#..# ..# ...##..###


There were no monsters in sight!

Vanquished Creatures
  An adder (D:2)
  A dart slug (D:1)
  2 bats (D:1)
  3 endoplasms (D:1)
  A giant cockroach (D:1)
  5 goblins
  A hobgoblin (D:1)
  2 kobolds (D:1)
  2 rats
18 creatures vanquished.

Notes
Turn   | Place    | Note
-------+----------+-------------------------------------------
     0 | D:1      | freelancePsychic the Demonspawn Shapeshifter began the
                  | quest for the Orb.
     0 | D:1      | Reached XP level 1. HP: 15/15 MP: 1/1
    21 | D:1      | Found Yduirim's Weapon Shoppe.
    36 | D:1      | Found Erghiobbaq's General Store.
   108 | D:1      | Found Lex Biamn's Assorted Antiques.
   169 | D:1      | Found Moots's Antique Armour Shop.
   185 | D:1      | Gained mutation: You have an unusually large brain. (Int
                  | +2) [demonic ancestry]
   185 | D:1      | Reached XP level 2. HP: 14/21 MP: 2/2
   190 | D:1      | Reached skill level 1 in Short Blades
   921 | D:2      | Killed by an exploding adder... ignited by their inner
                  | flame

Illustrated notes

Levels and vault maps discovered:
D:1:      tekkud_arrival_beachfront_property, layout_loops_ring, serial_shops,
          nicolae_shop_pleasant_corner_grove, nicolae_shop_stone, shop_statue,
          shop, st_stairs_8
D:2:      layout_rooms, basic_altar, uniq_crazy_yiuf_cottage, uniq_terence,
          uniq_sigmund

Skill      XL: |  1  2 |
---------------+-------+-----
Short Blades   | 1 |  1.3
Fighting       | 2 |  2.0
Dodging        | |  1.7
Unarmed Combat | |  2.7
Shapeshifting  | |  2.7

Action                     || total
---------------------------++-------
  Melee: Unarmed           ||    43
         Dagger            ||    15
    Use: Scroll            ||     1
   Stab: Sleeping          ||     2
 Armour: Animal skin       ||    28
  Dodge: Dodged            ||    24

Table legend: (Time is in decaauts)
 A = Elapsed time spent in this place.
 B = Non-inter-level travel time spent in this place.
 C = Inter-level travel time spent in this place.
 D = Time resting spent in this place.
 E = Time spent auto-exploring this place.
 F = Levels seen in this place.
 G = Mean time per level.
                   A        B        C        D        E       F      G
               +--------+--------+--------+--------+--------+-----+--------+
         Total |    919 |    896 |     23 |      0 |    758 |   2 |  459.5 |
       Dungeon |    919 |    896 |     23 |      0 |    758 |   2 |  459.5 |
               +--------+--------+--------+--------+--------+-----+--------+

Top non-repeatable levels by time:
     D:1: 847 daAuts
     D:2: 72 daAuts
